 Dungeon Crawl Stone Soup version 0.18-a0-977-ge0e037f (webtiles) character file.

347 Arkorax the Ruffian (level 6, -3/41 HPs)
             Began as a Gargoyle Monk on Jan 3, 2016.
             Was a Believer of Qazlal.
             Killed from afar by an orc wizard (10 damage)
             ... with a puff of frost
             ... on level 4 of the Dungeon.
             The game lasted 00:05:56 (2648 turns).

Arkorax the Ruffian (Gargoyle Monk)                 Turns: 2648, Time: 00:05:57

Health: -3/41      AC: 12    Str: 15    XL:     6   Next: 59%
Magic:  7/7        EV: 11    Int: 10    God:    Qazlal [**....]
Gold:   269        SH:  3    Dex: 14    Spells: 0 memorised, 5 levels left

rFire  . . .     SeeInvis .       - Unarmed
rCold  . . .     Gourm    .     m - +0 ring mail {rPois}
rNeg   + . .     Faith    .     (no shield)
rPois  ∞         Spirit   .     f - +2 hat
rElec  +         Dismiss  .     (no cloak)
rCorr  .         Reflect  .     (no gloves)
SustAt .         Harm     .     p - +0 pair of boots (curse)
MR     .....                    (no amulet)
Stlth  +.........               (no ring)
                                (no ring)

@: not resistant to hostile enchantments, very unstealthy
A: negative energy resistance 1, electricity resistance, unbreathing,
petrification resistance, rot immunity, AC +4
a: Upheaval, Renounce Religion


You were on level 4 of the Dungeon.
You worshipped Qazlal.
Qazlal was pleased with you.
You were not hungry.

You visited 1 branch of the dungeon, and saw 4 of its levels.

You collected 269 gold pieces.

Inventory:

Armour
 f - a +2 hat (worn)
 m - a +0 ring mail of poison resistance (worn)
 p - a cursed +0 pair of boots (worn)
Scrolls
 a - 6 scrolls of identify {unknown}
 d - a scroll of magic mapping {unknown}
 h - 2 scrolls of remove curse {unknown}
 l - a scroll of enchant weapon {unknown}
 n - a scroll of amnesia {unknown}
 o - a scroll of immolation {unknown}
 r - 2 scrolls of random uselessness {unknown}
Potions
 e - 3 potions of poison {unknown}
 g - 2 potions of cure mutation {unknown}
 i - a potion of agility {unknown}
 j - a potion of cancellation {unknown}
 q - a potion of haste {unknown}
 t - 2 potions of lignification {unknown}
 u - a potion of brilliance {unknown}
 v - a potion of curing {unknown}
 w - a potion of might {unknown}
Comestibles
 b - 2 bread rations
 c - 2 slices of pizza
 k - a meat ration
 s - a fruit


   Skills:
 * Level 5.7 Fighting
 - Level 2.4 Dodging
 - Level 2.1 Stealth
 * Level 5.8 Unarmed Combat
 + Level 2.1 Invocations


You had 5 spell levels left.
You didn't know any spells.

Dungeon Overview and Level Annotations

Branches:
Dungeon (4/15)
 Temple: D:4-7

Altars:
Dithmenos
Gozag
Makhleb
Nemelex Xobeh
Qazlal
Sif Muna
Trog
Zin


Innate Abilities, Weirdness & Mutations

You are resistant to torment.
Your stone body is resilient (AC +4).
You are immune to poison.
You resist negative energy.
You are resistant to electric shocks.
You can survive without breathing.
You are immune to petrification.
You are immune to rotting.


Message History

An orc priest comes into view. It is wielding a trident.
The orc priest shouts!
You hit the orc.
The orc is lightly wounded.
The orc priest calls down the wrath of Beogh upon you.
Something smites you! The orc hits you but does no damage.
The orc priest calls upon Beogh to heal the orc.
The orc's wounds heal themselves!
The orc wizard mumbles some strange words.
The orc wizard seems to speed up.
The orc priest invokes the aid of Beogh against you.
Something smites you!
* * * LOW HITPOINT WARNING * * *
The orc priest looks braver for a moment.
The orc wizard miscasts a cantrip.
The orc wizard hits you with a dagger.
* * * LOW HITPOINT WARNING * * *
The orc wizard points at you and mumbles some strange words.
The puff of frost hits you!
You die...

.......)).o....†........
........)...............
....(...#######..............
.......# #.o####......#
.......# ##s# #......#
.......# #.# #......#
.......## #o## ##....#...
........## #..# ##.......#
.........## #@.###.........
.........[## ##.§..........#.
.......#...####............##
............##...#.........#
................#..........#
......###......##...........#
.....##
#####................# .....#
#................. .....#
##...###...........


You could see an orc wizard, an orc and a giant cockroach.

Vanquished Creatures
  A black bear (D:4)
  A hound (D:4)
  An orc priest (D:4)
  An orc wizard (D:4)
  10 adders
  An ooze (D:1)
  A giant gecko (D:2)
  6 orcs
  A ball python (D:1)
  8 bats
  5 giant cockroaches
  12 goblins
  8 hobgoblins
  4 jackals (D:3)
  4 kobolds
  2 quokkas
  2 giant newts (D:1)
  9 rats
77 creatures vanquished.

Notes
Turn   | Place    | Note
--------------------------------------------------------------
     0 | D:1      | Arkorax the Gargoyle Monk began the quest for the Orb.
     0 | D:1      | Reached XP level 1. HP: 14/14 MP: 1/1
   209 | D:1      | Reached XP level 2. HP: 14/19 MP: 2/2
   390 | D:1      | Reached XP level 3. HP: 24/24 MP: 3/3
  1104 | D:2      | Found a shadowy altar of Dithmenos.
  1110 | D:2      | Reached XP level 4. HP: 29/29 MP: 4/4
  1137 | D:2      | Found a glowing silver altar of Zin.
  1146 | D:2      | Found a burning altar of Makhleb.
  1148 | D:2      | Found a deep blue altar of Sif Muna.
  1154 | D:2      | Found a bloodstained altar of Trog.
  1154 | D:2      | Found a stormy altar of Qazlal.
  1155 | D:2      | Found an opulent altar of Gozag.
  1167 | D:2      | Became a worshipper of Qazlal Stormbringer
  1167 | D:2      | Reached * piety under Qazlal
  1167 | D:2      | Reached ** piety under Qazlal
  1458 | D:3      | Reached skill level 5 in Unarmed Combat
  1473 | D:3      | Reached skill level 1 in Invocations
  1517 | D:3      | Found a faded altar to an unknown god.
  1812 | D:3      | Reached XP level 5. HP: 34/34 MP: 5/5
  2282 | D:3      | Found a sparkling altar of Nemelex Xobeh.
  2349 | D:3      | Reached skill level 5 in Fighting
  2573 | D:4      | Reached XP level 6. HP: 36/40 MP: 7/7
  2598 | D:4      | Noticed a black bear
  2611 | D:4      | Killed a black bear
  2648 | D:4      | Killed from afar by an orc wizard

Vault maps used:
D:1:      minmay_arrival_shattered_statue, serial_bayou, serial_bayou_pond_e,
          serial_bayou_crossing, serial_bayou_pond_b, serial_bayou_ford_a,
          serial_bayou_shore_b
D:2:      overflow_temple_1_default, grunt_temple_overflow_open,
          serial_bayou_pond_e
D:3:      ecumenical_altar_1, nemelex_lonely_heart_becter
D:4:      nicolae_ossuary_entry_plus

Action                   |  1- 3 |  4- 6 || total
-------------------------+-------+-------++-------
Melee: Unarmed           |   104 |   176 ||   280
 Stab: Sleeping          |     3 |       ||     3
  Eat: Chunk             |     1 |     2 ||     3
       Fruit             |       |     3 ||     3
